 Dungeon Crawl Stone Soup version 0.19.0-1-g5985abe (webtiles) character file.

73 Franakus the Firebug (level 4, -2/27 HPs)
             Began as an Octopode Fire Elementalist on Nov 2, 2016.
             Slain by a gnoll
             ... wielding a +0 whip
              (7 damage)
             ... on level 2 of the Dungeon.
             The game lasted 00:10:59 (1593 turns).

Franakus the Firebug (Octopode Fire Elementalist)   Turns: 1593, Time: 00:11:00

Health: -2/27      AC:  1    Str:  7    XL:     4   Next: 27%
Magic:  3/8        EV: 13    Int: 18    God:
Gold:   52         SH:  0    Dex: 12    Spells: 3 memorised, 2 levels left

rFire  . . .     SeeInvis .     (no weapon)
rCold  . . .     Gourm    .     (no shield)
rNeg   . . .     Faith    .     (helmet restricted)
rPois  .         Spirit   .     (no amulet)
rElec  .         Reflect  .     (no ring)
rCorr  .         Harm     .     (no ring)
MR     .....                    (no ring)
Stlth  +++.......               (no ring)
                                (no ring)
                                (no ring)
                                (no ring)
                                (no ring)

@: no status effects
A: almost no armour, stealthy swim, amphibious, 8 rings, constrict 8, camouflage
1, gelatinous body 1
a: no special abilities


You were on level 2 of the Dungeon.
You were hungry.

You visited 1 branch of the dungeon, and saw 2 of its levels.

You collected 52 gold pieces.

Inventory:

Missiles
 f - 50 sling bullets
Jewellery
 o - a +2 amulet of reflection
Scrolls
 c - 3 scrolls of identify {unknown}
 i - 3 scrolls of remove curse {unknown}
 j - a scroll of noise {unknown}
 l - a scroll of blinking {unknown}
 p - a scroll of fear {unknown}
 q - a scroll of recharging {unknown}
Potions
 d - 2 potions of invisibility {unknown}
 e - 3 potions of flight {unknown}
 m - a potion of resistance {unknown}
 n - 3 potions of lignification {unknown}
Books
 a - a book of Flames

   Spells                             Type                      Level
   a - Flame Tongue                   Conjuration/Fire             1
   b - Throw Flame                    Conjuration/Fire             2
   c - Conjure Flame                  Conjuration/Fire             3
   d - Inner Flame                    Hexes/Fire                   3
   e - Sticky Flame                   Conjuration/Fire             4
   f - Fireball                       Conjuration/Fire             5
Comestibles
 b - a bread ration
 g - a meat ration
 h - a slice of pizza
 k - a beef jerky


   Skills:
 + Level 2.2 Dodging
 + Level 3.7 Stealth
 + Level 2.6 Spellcasting
 + Level 1.4 Conjurations
 + Level 3.7 Fire Magic


You had 2 spell levels left.
You knew the following spells:

 Your Spells              Type           Power        Failure   Level  Hunger
a - Flame Tongue          Conj/Fire      ##...        8%          1    #......
b - Throw Flame           Conj/Fire      ##....       12%         2    ##.....
c - Conjure Flame         Conj/Fire      ##......     21%         3    ###....


Dungeon Overview and Level Annotations

Branches:
Dungeon (2/15)

Altars:
Fedhas


Innate Abilities, Weirdness & Mutations

You cannot wear most types of armour.
You are very stealthy in the water. (Stealth+)
You are amphibious.
You can wear up to eight rings at the same time.
You can use your tentacles to constrict eight enemies at once.
Your skin changes colour to match your surroundings (Stealth+).
Your rubbery body absorbs attacks. (AC +1, EV +1)


Message History

You see here a quokka corpse.
You tentacle-slap the gnoll but do no damage.
You grab the gnoll.
You constrict the gnoll, but do no damage.
The gnoll barely misses you.
You tentacle-slap the gnoll but do no damage.
You squeeze the gnoll.
The gnoll is moderately wounded.
You constrict the gnoll, but do no damage.
The gnoll hits you with a whip.
* * * LOW HITPOINT WARNING * * *
Casting: Flame Tongue
Confirm with . or Enter, or press ? or * to list all spells.
Aiming: Throw Flame
Press: ? - help, Shift-Dir - straight line, f - gnoll
Aim: a gnoll, wielding a whip (moderately wounded, constricted by you)
The puff of flame hits the gnoll.
The gnoll is severely wounded.
You constrict the gnoll. The gnoll hits you with a whip!
You die...

......#.#.#.#..#.....#
..g.g)....#.#..##.####
....###.#.#.#..##.#
#.#####.#.#.#..##.#
............#..##.#
.......g..........#
........#.........#
.....#.g#####.########
...#.#..#.....gg@....#
.....#..#.##.#####.###
#....#.........###.#
#....#.#.........#.#
#....#.##.#...##.#.#
..............##†#.#
.###.#.######.##.#.#
..............##.#.#
.###.#.#####........


You could see 2 gnolls.

Vanquished Creatures
  2 adders (D:2)
  A gnoll (D:2)
  A worm (D:2)
  3 goblins
  8 hobgoblins
  6 jackals (D:2)
  A quokka (D:2)
  7 bats
  3 frilled lizards
  3 kobolds (D:1)
  4 rats
39 creatures vanquished.

Notes
Turn   | Place    | Note
-------+----------+-------------------------------------------
     0 | D:1      | Franakus the Octopode Fire Elementalist began the quest for the Orb.
     0 | D:1      | Reached XP level 1. HP: 11/11 MP: 3/3
   314 | D:1      | Reached XP level 2. HP: 2/17 MP: 3/5
   320 | D:1      | Learned a level 2 spell: Throw Flame
  1017 | D:2      | Reached XP level 3. HP: 18/21 MP: 6/6
  1398 | D:2      | Reached XP level 4. HP: 27/27 MP: 3/7
  1403 | D:2      | Learned a level 3 spell: Conjure Flame
  1487 | D:2      | Found a blossoming altar of Fedhas.
  1593 | D:2      | Slain by a gnoll

Skill      XL: |  1  2 |
---------------+-------+-----
Stealth        | 3 |  3.7
Dodging        | |  2.2
Spellcasting   | |  2.6
Conjurations   | |  1.4
Fire Magic     | |  3.7

Action                   |  1- 3 |  4- 6 || total
-------------------------+-------+-------++-------
Melee: Unarmed           |    46 |    22 ||    68
       Constrict         |    13 |     6 ||    19
       Tentacles         |    13 |     5 ||    18
 Cast: Flame Tongue      |    29 |     2 ||    31
       Throw Flame       |     2 |     4 ||     6
 Stab: Sleeping          |     2 |       ||     2
       Distracted        |     1 |       ||     1
  Eat: Chunk             |     2 |       ||     2
Armor: Skin              |     9 |     1 ||    10
Dodge: Dodged            |    41 |    18 ||    59
